 Dungeon Crawl Stone Soup version 0.31-a0-210-gccc998df9b (webtiles) character file.

Game seed: 455324707333027339

485 qw the Shield-Bearer (level 7, -1/43 HPs)
             Began as a Gargoyle Fighter on June 29, 2023.
             Slain by a water moccasin zombie (5 damage)
             ... on level 4 of the Dungeon.
             The game lasted 00:01:41 (2890 turns).

qw the Shield-Bearer (Gargoyle Fighter)             Turns: 2890, Time: 00:01:42

Health: -1/43      AC: 13    Str: 21    XL:     7   Next: 13%
Magic:  7/7        EV:  7    Int:  9    God:
Gold:   234        SH:  8    Dex:  9    Spells: 6/6 levels left

rFire   + . .        i - +0 war axe
rCold   + . .        e - +0 kite shield
rNeg    + . .        m - +0 chain mail
rPois   inf          (no helmet)
rElec   +            (no cloak)
rCorr   +            (no gloves)
SInv    .            (no boots)
Will    +....        (no amulet) Stlth
                     p - ring of Amorality {rC+ Will+ rCorr}
HPRegen 0.27/turn    n - ring of protection from fire
MPRegen 0.10/turn

%: no passive effects
@: about to teleport
A: sickness immunity, AC +4, negative energy resistance 1, electricity
resistance, torment resistance 1, petrification resistance
a: no special abilities


You were on level 4 of the Dungeon.
You visited 1 branch of the dungeon, and saw 4 of its levels.

You collected 234 gold pieces.


Innate Abilities, Weirdness & Mutations

You are immune to sickness and miasma.
Your stone body is resilient. (AC +4)
You are immune to poison.
You resist negative energy. (rN+)
You are resistant to electric shocks. (rElec)
You are resistant to unholy torment.
You are immune to petrification.


   Skills:
 - Level 4.1 Fighting
 + Level 5.2 Axes
 - Level 3.2 Armour
 - Level 1.1 Dodging
 - Level 5.3 Shields


You had 6 spell levels left.
You didn't know any spells.
Your spell library was empty.

Inventory:

Hand Weapons
 c - a +1 heavy flail
 i - a +0 war axe (weapon)
Armour
 e - a +0 kite shield (worn)
 m - a +0 chain mail (worn)
Jewellery
 n - a ring of protection from fire (right hand)
 p - the ring of Amorality (left hand) {rC+ Will+ rCorr}
   (You found it on level 3 of the Dungeon)

   [ring of willpower]

   rC:        It protects you from cold.
   rCorr:     It protects you from acid and corrosion.
   Will:      It increases your willpower.
 Y - a +6 ring of dexterity
Scrolls
 a - a scroll of teleportation
 j - a scroll of identify
Potions
 d - a potion of might
 g - a potion of lignification
 k - a potion of attraction {unknown}
 l - a potion of enlightenment {unknown}
 o - a potion of heal wounds

Dungeon Overview and Level Annotations

Branches:
Dungeon (4/15)
 Temple: D:4-7

Altars:

Shops:
D:3 (

Annotations:
D:4 Duvessa


Message History

Dowan hits you but does no damage.
The adder zombie bites you but does no damage.
You closely miss Dowan.
Dowan is moderately wounded.
You hit the adder zombie. The adder zombie closely misses you.
You closely miss Dowan.
Dowan is moderately wounded.
You barely miss the adder zombie. You slash Duvessa!
The adder zombie bites you. Dowan hits you but does no damage.
You block Duvessa's attack.
You slash Dowan!
You kill Dowan!
Duvessa screams in rage.
Duvessa goes berserk!
You hit Duvessa. You hit the water moccasin zombie. You hit the orc.
Duvessa hits you with a +4 short sword of venom!
The water moccasin zombie bites you. You block Duvessa's attack.
You block the water moccasin zombie's attack.
You barely miss the orc.
The orc is almost dead.
You barely miss Duvessa. You slash the water moccasin zombie!
Duvessa hits you with a +4 short sword of venom!
The orc hits you but does no damage.
You block the water moccasin zombie's attack.
Duvessa hits you with a +4 short sword of venom!
You block the orc's attack.
You slash the orc!
You kill the orc!
You hit Duvessa but do no damage. You hit the water moccasin zombie.
You block Duvessa's attack.
The water moccasin zombie bites you but does no damage.
Duvessa hits you with a +4 short sword of venom!
You block the water moccasin zombie's attack.
2890 ||| READING 2 scrolls of teleportation.
As you read the scroll of teleportation, it crumbles to dust.
You feel strangely unstable. You block Duvessa's attack.
You block the adder zombie's attack. The water moccasin zombie bites you.
You die...

. .. ## #...
..#.. ##...#
......###)....##
......WZ@e......
#......Z...../..
.......#.##.....
.......#.# ....
....8..#.. ...
.......#.## ..
.........# .
..###...##


You could see Duvessa (berserk), a phantom, an adder zombie and a water moccasin
zombie.

Vanquished Creatures
  An ice beast (D:3)
  A scorpion (D:3)
  Dowan (D:4)
  An orc priest (D:3)
  A sleepcap (D:3)
  An orc wizard (D:2)
  Natasha (D:2)
  5 adders
  4 gnolls (D:2)
  A worm (D:3)
  4 dart slugs
  7 orcs
  4 endoplasms
  2 giant cockroaches
  5 goblins
  11 hobgoblins
  6 jackals
  6 quokkas
  6 ball pythons
  8 bats
  6 kobolds
  7 rats
89 creatures vanquished.

Notes
Turn   | Place    | Note
-------+----------+-------------------------------------------
     0 | D:1      | qw the Gargoyle Fighter began the quest for the Orb.
     0 | D:1      | Reached XP level 1. HP: 14/14 MP: 1/1
     0 | D:1      | 0 ||| qw: Version: 0.3-a-24-ga2abf7b
     0 | D:1      | 0 ||| qw: Game counter: 6871
     0 | D:1      | 0 ||| qw: Melee chars always use a shield: true
     0 | D:1      | 0 ||| qw: God list: Okawaru
     0 | D:1      | 0 ||| qw: Allow faded altars: false
     0 | D:1      | 0 ||| qw: Do Orc after clearing Dungeon:15 true
     0 | D:1      | 0 ||| qw: Do second Lair branch before Depths: true
     0 | D:1      | 0 ||| qw: Lair rune preference: random
     0 | D:1      | 0 ||| qw: Goals: Normal, Zot:1-4, Slime:5, God:TSO, Crypt,
                  | Tomb, Abyss, Pan, Hells, Win
     0 | D:1      | 0 ||| PLANNING D:1-11
   112 | D:1      | Reached XP level 2. HP: 19/19 MP: 2/2
   365 | D:1      | Reached skill level 3 in Axes
   367 | D:1      | Reached XP level 3. HP: 21/23 MP: 3/3
   815 | D:1      | 815 ||| DROPPING +0 club.
   952 | D:1      | 952 ||| Stepping ~*~*~tactically~*~*~ (stealth).
   953 | D:1      | 953 ||| Stepping ~*~*~tactically~*~*~ (stealth).
   999 | D:1      | 999 ||| UPGRADING to +6 ring of dexterity.
  1000 | D:1      | 1000 ||| DROPPING ring of flight.
  1001 | D:1      | 1001 ||| READING scroll labelled XAMYAD WEQURI.
  1002 | D:1      | 1002 ||| READING scroll labelled QUPPIL EPTAH.
  1103 | D:1      | 1103 ||| READING scroll labelled IRAREME FAGOQ.
  1107 | D:1      | 1107 ||| DRINKING 2 glowing silvery potions.
  1108 | D:1      | 1108 ||| DRINKING 2 ruby potions.
  1159 | D:2      | 1159 ||| Stepping ~*~*~tactically~*~*~ (stealth).
  1170 | D:2      | 1170 ||| Stepping ~*~*~tactically~*~*~ (stealth).
  1183 | D:2      | Reached skill level 1 in Dodging
  1188 | D:2      | Reached XP level 4. HP: 17/28 MP: 4/4
  1191 | D:2      | HP: 6/28 [gnoll/+0 club (6)]
  1192 | D:2      | 1192 ||| DRINKING potion of heal wounds.
  1431 | D:2      | 1431 ||| Stepping ~*~*~tactically~*~*~ (hiding).
  1448 | D:2      | Reached XP level 5. HP: 27/32 MP: 5/5
  1467 | D:2      | 1467 ||| DROPPING +0 mace.
  1468 | D:2      | 1468 ||| DROPPING +0 whip.
  1658 | D:2      | Found a faded altar of an unknown god.
  1662 | D:2      | 1662 ||| Stepping ~*~*~tactically~*~*~ (hiding).
  1877 | D:2      | Noticed Natasha
  1882 | D:2      | Killed Natasha
  2089 | D:2      | 2089 ||| UPGRADING to +0 kite shield.
  2099 | D:2      | 2099 ||| DROPPING +0 buckler.
  2100 | D:2      | 2100 ||| READING 2 scrolls labelled KOROENNYUS.
  2101 | D:2      | 2101 ||| READING 2 scrolls labelled EXEZACKOIQ.
  2102 | D:2      | 2102 ||| READING scroll labelled GECIAJ HIOPU.
  2103 | D:2      | 2103 ||| READING scroll labelled HUCENA WUZAO.
  2104 | D:2      | 2104 ||| DRINKING 2 smoky coppery potions.
  2130 | D:2      | 2130 ||| DROPPING scroll of poison.
  2172 | D:3      | Found Ruygiaf's Antique Weapon Emporium.
  2174 | D:3      | 2174 ||| Stepping ~*~*~tactically~*~*~ (hiding).
  2257 | D:3      | 2257 ||| DROPPING +2 heavy mace.
  2261 | D:3      | 2261 ||| SHOPLISTING glowing flail (182 gold, have 128).
  2309 | D:3      | Noticed an ice beast
  2322 | D:3      | Killed an ice beast
  2323 | D:3      | Reached XP level 6. HP: 37/37 MP: 6/6
  2365 | D:3      | 2365 ||| Stepping ~*~*~tactically~*~*~ (stealth).
  2366 | D:3      | 2366 ||| Stepping ~*~*~tactically~*~*~ (stealth).
  2592 | D:3      | Identified the ring of Amorality {rC+ Will+ rCorr}
  2690 | D:3      | Reached XP level 7. HP: 43/43 MP: 7/7
  2844 | D:3      | 2844 ||| UPGRADING to +0 chain mail.
  2854 | D:3      | 2854 ||| DROPPING +0 scale mail.
  2855 | D:3      | 2855 ||| UPGRADING to ring of protection from fire.
  2856 | D:3      | 2856 ||| UPGRADING to ring of Amorality {rC+ Will+ rCorr}.
  2858 | D:3      | 2858 ||| DRINKING 2 bubbling red potions.
  2859 | D:3      | 2859 ||| DRINKING potion of curing.
  2859 | D:3      | 2859 ||| (to cure confusion)
  2860 | D:3      | 2860 ||| DROPPING potion of ambrosia.
  2881 | D:4      | Noticed Dowan
  2883 | D:4      | Noticed Duvessa
  2887 | D:4      | Killed Dowan
  2889 | D:4      | HP: 4/43 [Duvessa/+4 short sword of venom (8)]
  2890 | D:4      | 2890 ||| READING 2 scrolls of teleportation.
  2890 | D:4      | Slain by a water moccasin zombie

Levels and vault maps discovered:
D:1:      roderic_chinese_lattice_arrival, layout_basic, hex_intersection,
          kennysheep_small_spiral, dk_noncrumbling_4
D:2:      layout_loops_cross, shapermc_ecumenical_altar_rom_forum,
          chequers_jeans, chequers_serial_rivers_room_a, uniq_natasha
D:3:      minmay_razor_zed, layout_rooms, serial_shops,
          nicolae_shop_pleasant_corner_grove
D:4:      layout_cave_pools, serial_undead, serial_undead_d, serial_undead_d,
          serial_undead_b, serial_undead_a, uniq_duvessa

Skill      XL: |  1  2  3  4  5  6 |
---------------+-------------------+-----
Axes           | 2 3 4 5 |  5.2
Dodging        | 1 |  1.1
Shields        | 4 5 |  5.3
Fighting       | 4 |  4.1
Armour         | |  3.2

Action                     |  1- 3 |  4- 6 |  7- 9 || total
---------------------------+-------+-------+-------++-------
  Melee: War axe           |   105 |   158 |    12 ||   275
  Throw: Boomerang         |       |    27 |       ||    27
    Use: Scroll            |     3 |     4 |     1 ||     8
         Potion            |     2 |     2 |     2 ||     6
 Armour: Scale mail        |    55 |    69 |     2 ||   126
         Chain mail        |       |       |     5 ||     5
  Dodge: Dodged            |    61 |    72 |     3 ||   136
  Block: Buckler           |    22 |    22 |       ||    44
         Kite shield       |       |    31 |     9 ||    40

Table legend:
 A = Non-vault XP
 B = Vault XP
 C = Vault XP percentage of total XP
 D = Non-vault monster count
 E = Vault monster count
 F = Vault count percentage of total count
                 A         B        C        D         E       F
            +---------+---------+-------+---------+---------+-------
      Total |     487 |     206 |  29.7 |      78 |      11 |  12.4
            +---------+---------+-------+---------+---------+-------
        D:1 |      46 |       0 |   0.0 |      28 |       0 |   0.0
        D:2 |     178 |      35 |  16.4 |      33 |       1 |   2.9
        D:3 |     260 |     108 |  29.3 |      16 |       9 |  36.0
        D:4 |       3 |      63 |  95.5 |       1 |       1 |  50.0
            +---------+---------+-------+---------+---------+-------
